 Dungeon Crawl Stone Soup version 0.29-a0-824-gd827844252 (webtiles) character file.

Game seed: 17167321253910656518

41 Spectrina the Covert (level 3, 0/22 HPs)
             Began as a Vampire Delver on July 9, 2022.
             Slain by a quokka (1 damage)
             ... in a sewer.
             The game lasted 00:02:19 (193 turns).

Spectrina the Covert (Vampire Delver)                Turns: 193, Time: 00:02:20

Health: 0/22       AC:  3    Str: 11    XL:     3   Next: 32%
Magic:  3/3        EV: 12    Int: 12    God:
Gold:   0          SH:  0    Dex: 17    Spells: 2/2 levels left

rFire   . . .      SeeInvis +   a - +0 short sword
rCold   + + .      Faith    .   (no shield)
rNeg    + + +      Spirit   .   b - +0 leather armour
rPois   ∞          Reflect  .   (no helmet)
rElec   .          Harm     .   (no cloak)
rCorr   .          Rampage  .   (no gloves)
Will    .....                   (no boots)
Stlth   ++++++....              (no amulet)
HPRegen 0.00/turn               (no ring)
MPRegen 0.08/turn               (no ring)

@: bloodless, inhibited regen
A: bloodless, fangs 3, see invisible, vampiric 2
a: Bat Form, Revivify


You were in a sewer.
You visited 1 branch of the dungeon, and saw 1 of its levels.
You also visited: Sewer.

Inventory:

Hand Weapons
 a - a +0 short sword (weapon)
 h - a +0 dagger
Armour
 b - a +0 leather armour (worn)
Wands
 g - a wand of digging (3)
Scrolls
 c - a scroll of fog
 d - a scroll of magic mapping
Potions
 f - a potion of haste


   Skills:
 - Level 2.6 Fighting
 + Level 3.3 Short Blades
 - Level 2.1 Dodging
 + Level 8.1 Stealth


You had 2 spell levels left.
You didn't know any spells.
Your spell library was empty.

Dungeon Overview and Level Annotations

Branches:
Dungeon (5/15)              Sewer (1/1)
 Temple: D:4-7

Altars:

Annotations:
D:5 3 runed translucent doors


Innate Abilities, Weirdness & Mutations

You do not regenerate when monsters are visible.
You are frail without blood (-20% HP).
You can heal yourself when you bite living creatures.
You are immune to poison.
You have razor-sharp teeth.
You have supernaturally acute eyesight. (SInv)
You are afflicted with vampirism and can become a bat while bloodless.


Message History

The adder bites you.
You closely miss the adder.
The adder is heavily wounded.
The adder bites you but does no damage.
You hit the adder.
The adder is severely wounded.
The adder bites you.
You hit the adder.
The adder is almost dead.
The adder misses you.
You closely miss the adder. You bite the adder, but do no damage.
The adder is almost dead.
The adder barely misses you.
You hit the adder.
You kill the adder!
You see here an adder corpse.
You enter the shallow water.
Moving in this stuff is going to be slow.
A giant cockroach comes into view.
You enter the shallow water.
Moving in this stuff is going to be slow.
The adder hisses angrily.
The adder bites you.
* * * LOW HITPOINT WARNING * * *
Okay, then.
Unknown command.
Okay, then.
As you read the scroll of fear, it crumbles to dust.
You assume a fearsome visage.
The giant cockroach looks frightened! x2
The adder looks frightened!
The quokka looks frightened!
Unknown command.
A quokka comes into view.
The quokka misses you.
You barely miss the quokka. The quokka barely misses you.
You hit the quokka.
The quokka is heavily wounded.
The quokka bites you.
* * * LOW HITPOINT WARNING * * *
The quokka bites you.
You die...

#####################
....S≈≈.≈≈≈≈≈...@r..#
≈≈≈≈≈≈≈≈≈≈≈≈≈≈≈≈≈≈≈.#
≈≈≈≈≈≈≈≈≈≈≈≈≈≈≈≈≈≈≈.#
≈≈≈B≈≈≈≈≈≈≈≈≈≈≈≈≈≈≈B#
≈≈≈..≈≈≈≈≈≈≈≈≈≈.≈≈≈≈#
≈≈.≈≈≈≈≈≈≈≈########≈#
≈≈.≈≈≈≈≈≈≈≈≈# ≈#
≈≈≈≈≈≈≈≈≈≈≈≈≈ ≈#
≈≈≈≈≈≈≈


You could see a quokka and a giant cockroach (fleeing).

Vanquished Creatures
  3 adders
  5 giant cockroaches
  2 quokkas (Sewer)
  3 ball pythons (Sewer)
  2 frilled lizards (Sewer)
15 creatures vanquished.

Notes
Turn   | Place    | Note
-------+----------+-------------------------------------------
     0 | D:5      | Spectrina the Vampire Delver began the quest for the Orb.
     0 | D:5      | Reached XP level 1. HP: 17/17 MP: 1/1
     0 | D:5      | Noticed a centaur
     2 | D:5      | Found a runed translucent gate.
     2 | D:5      | Found a runed translucent gate.
     2 | D:5      | Found a runed translucent gate.
    44 | D:5      | Found a glowing drain.
    70 | D:5      | Reached XP level 2. HP: 7/18 MP: 2/2
    86 | Sewer    | Entered a sewer
   122 | Sewer    | Reached skill level 8 in Stealth
   131 | Sewer    | Gained mutation: You are afflicted with vampirism and can
                  | become a bat while bloodless. [Vampire growth]
   131 | Sewer    | Reached XP level 3. HP: 18/22 MP: 3/3
   193 | Sewer    | HP: 1/22 [quokka (4)]
   193 | Sewer    | Slain by a quokka

Illustrated notes

Levels and vault maps discovered:
D:5:      layout_gridville, nicolae_uskayaw_dance_hall, general_overflow_altar,
          gup_sewer_entry_glass, gammafunk_ghost_split, chequers_big_river
Sewer:    sewer_frog_island_01

Skill      XL: |  1  2 |
---------------+-------+-----
Short Blades   | 3 |  3.3
Stealth        | 8 |  8.1
Fighting       | |  2.6
Dodging        | |  2.1

Action                   || total
-------------------------++-------
Melee: Short sword       ||    46
       Dagger            ||     7
       Bite              ||     5
 Abil: Exsanguinate      ||     1
  Use: Scroll            ||     1
 Stab: Sleeping          ||     4
Armor: Leather armour    ||     9
Dodge: Dodged            ||    36

Table legend: (Time is in decaauts)
 A = Elapsed time spent in this place.
 B = Non-inter-level travel time spent in this place.
 C = Inter-level travel time spent in this place.
 D = Time resting spent in this place.
 E = Time spent auto-exploring this place.
 F = Levels seen in this place.
 G = Mean time per level.
                   A        B        C        D        E       F      G
               +--------+--------+--------+--------+--------+-----+--------+
         Total |    200 |    200 |      0 |      0 |      0 |   2 |  100.0 |
       Dungeon |     84 |     84 |      0 |      0 |      0 |   1 |   84.0 |
         Sewer |    116 |    116 |      0 |      0 |      0 |   1 |  116.0 |
               +--------+--------+--------+--------+--------+-----+--------+

Top non-repeatable levels by time:
   Sewer: 116 daAuts
     D:5: 84 daAuts
